 Dungeon Crawl Stone Soup version 0.28.0 (webtiles) character file.

Game seed: 9404784201707076596

289 Ayyar the Chopper (level 6, -14/56 HPs)
             Began as a Hill Orc Monk on Apr 20, 2022.
             Demolished by an ogre (29 damage)
             ... on level 3 of the Dungeon.
             The game lasted 00:07:40 (3976 turns).

Ayyar the Chopper (Hill Orc Monk)                   Turns: 3976, Time: 00:07:40

Health: -14/56     AC: 11    Str: 16    XL:     6   Next: 31%
Magic:  6/6        EV:  7    Int: 10    God:
Gold:   123        SH:  0    Dex: 13    Spells: 5/5 levels left

rFire   . . .      SeeInvis .   a - +0 hand axe
rCold   . . .      Faith    .   (no shield)
rNeg    . . .      Spirit   .   k - +0 shadow dragon scales
rPois   .          Reflect  .   (no helmet)
rElec   .          Harm     .   (no cloak)
rCorr   .          Rampage  .   (no gloves)
Will    .....                   (no boots)
Stlth   +++.......              (no amulet)
HPRegen 0.18/turn               (no ring)
MPRegen 0.10/turn               (no ring)

@: no status effects
A: no striking features
a: no special abilities


You were on level 3 of the Dungeon.
You visited 1 branch of the dungeon, and saw 4 of its levels.

You collected 123 gold pieces.

Inventory:

Hand Weapons
 a - a +0 hand axe (weapon)
 n - a +0 war axe
Missiles
 b - 3 atropa-tipped darts (quivered)
Armour
 k - +0 shadow dragon scales (worn)
Jewellery
 j - a ring of positive energy
Scrolls
 c - a scroll of teleportation {unknown}
 d - a scroll of amnesia {unknown}
 f - a scroll of identify {unknown}
 h - a scroll of blinking {unknown}
 i - a scroll of enchant weapon {unknown}
 l - a scroll of brand weapon {unknown}
 o - a scroll of torment {unknown}
 q - a scroll of magic mapping {unknown}
Potions
 g - a potion of flight {unknown}
 m - a potion of might {unknown}
 p - a potion of brilliance


   Skills:
 + Level 5.3 Fighting
 + Level 5.8 Axes
 + Level 3.2 Armour
 - Level 3.0 Dodging
 - Level 2.0 Stealth


You had 5 spell levels left.
You didn't know any spells.
Your spell library contained the following spells:

 Spells                   Type           Power      Damage    Failure   Level
 Corpse Rot               Necr/Air       0%         N/A       100%        2
 Dispel Undead            Necr           0%         3d6       100%        4
 Death Channel            Necr           0%         N/A       100%        6


Dungeon Overview and Level Annotations

Branches:
Dungeon (4/15)
 Temple: D:4-7

Altars:
Trog


Message History

The goblin moves out of view.
There is a stone staircase leading up here.
The kobold shouts!
The kobold shouts!
The ogre barely misses you.
You climb upwards.
There is a stone staircase leading down here.
You hit the ogre. Your punch misses the ogre.
The ogre is moderately wounded.
The ogre hits you but does no damage.
You hit the ogre.
The ogre is moderately wounded.
The ogre hits you with a +0 giant club!!
You hit the ogre.
The ogre is moderately wounded.
The ogre completely misses you.
You hit the ogre.
The ogre is heavily wounded.
You hit the ogre.
The ogre is severely wounded.
The ogre hits you with a +0 giant club.
You barely miss the ogre.
The ogre is severely wounded.
The ogre hits you with a +0 giant club.
You hit the ogre.
The ogre is almost dead.
The ogre hits you with a +0 giant club!
* * * LOW HITPOINT WARNING * * *
You are too injured to fight recklessly!
You are too injured to fight recklessly!
You hit the ogre.
The ogre is almost dead.
You barely miss the ogre.
The ogre is almost dead.
The ogre closely misses you.
You barely miss the ogre.
The ogre is almost dead.
The ogre hits you with a +0 giant club!!
Ouch! That really hurt!
You die...

#.##.####.....##
#.##.##.##...## #.##.##.###.##
###
##########.##.##.###.#######..
#.............#.....#.....#.##
#.#####............#.###...##
#.# #.##.####............# #.#
##.##.####)####.###...## #.#
#......)@O.# #.# #..†.## # #.#
#.(##.#########.# #...#.. #
#.# #..##...........# #...###
# #.# #..############## #...#
# #.# #..# #...# # #.# #..#
#######...### # #.####..#
###..........#. # #....#..#
#.....<......#. #######.#..#
#.#.#####..#.#.


You could see an ogre.

Vanquished Creatures
  Sigmund (D:3)
  4 gnolls
  2 adders (D:3)
  A worm (D:2)
  5 dart slugs
  An orc (D:3)
  3 ball pythons (D:2)
  8 endoplasms
  A giant cockroach (D:3)
  4 goblins
  5 hobgoblins
  3 jackals (D:1)
  6 kobolds
  5 quokkas
  5 bats
  A frilled lizard (D:1)
  6 rats
61 creatures vanquished.

Notes
Turn   | Place    | Note
-------+----------+-------------------------------------------
     0 | D:1      | Ayyar the Hill Orc Monk began the quest for the Orb.
     0 | D:1      | Reached XP level 1. HP: 19/19 MP: 1/1
   483 | D:1      | Reached XP level 2. HP: 25/27 MP: 2/2
   626 | D:1      | You fall into a shaft and drop 1 floor!
   965 | D:2      | Reached skill level 1 in Armour
  1011 | D:1      | Reached XP level 3. HP: 21/33 MP: 3/3
  2147 | D:2      | Reached XP level 4. HP: 32/40 MP: 4/4
  2349 | D:3      | Found a bloodstained altar of Trog.
  2603 | D:3      | Found a faded altar of an unknown god.
  2896 | D:3      | Reached skill level 5 in Axes
  2896 | D:3      | Reached XP level 5. HP: 21/47 MP: 5/5
  3414 | D:3      | Noticed Sigmund
  3445 | D:3      | HP: 2/47 [something/magic dart (6)]
  3462 | D:3      | Killed Sigmund
  3463 | D:3      | Reached skill level 5 in Fighting
  3463 | D:3      | Reached XP level 6. HP: 17/56 MP: 6/6
  3976 | D:3      | Demolished by an ogre

Illustrated notes

Levels and vault maps discovered:
D:1:      wander_arrival_estate, layout_rooms, palyth_stone_intersect,
          skrybe_limestone_x, glass_columns_a
D:2:      layout_basic
D:3:      layout_loops_ring, lemuel_round_altar,
          hellmonk_ecumenical_altar_crossroads, uniq_sigmund
D:4:      layout_rooms, st_stairs_4, minmay_shop_damaged

Skill      XL: |  1  2  3  4  5 |
---------------+----------------+-----
Armour         | 1 2 3 |  3.2
Stealth        | 2 |  2.0
Fighting       | 4 5 |  5.3
Dodging        | 3 |  3.0
Axes           | 5 |  5.8

Action                   |  1- 3 |  4- 6 || total
-------------------------+-------+-------++-------
Melee: Hand axe          |   155 |   128 ||   283
Throw: Dart              |       |     6 ||     6
  Use: Potion            |       |     2 ||     2
 Stab: Sleeping          |     3 |     5 ||     8
       Invisible         |       |     1 ||     1
Armor: Chain mail        |    99 |       ||    99
       Shadow dragon sca |     4 |    67 ||    71
Dodge: Dodged            |    61 |    48 ||   109
